cohdb
Replays
Latest Replays
All Replays
Popular Replays
Top Player Replays
Match Explorer
How It Works
Community
CoH3 Stats
Reddit
Sign in to upload your games and track your stats! →
Sign in with Steam
Match 46174348
Unlisted
Match 46174348
Overview
Messages
Build Orders
End
Construct Barracks
Selects Armored Battlegroup
Selects Veteran Crews
1⁄4-ton 4x4 Truck
Riflemen Squad
Riflemen Squad
Riflemen Squad
Infantry Support Center
Construct Medical Station
Construct Motor Pool
M1 Anti-tank Gun Team
M8 Greyhound Armored Car
M1918 Browning Automatic Rifles
Engineer Squad
M1 Anti-tank Gun Team
Selects M31 Recovery Vehicle
Selects War Machine
Grenade Package
Selects Strength in Steel
Riflemen Squad
Construct Tank Depot
Engineer Squad
Mortar Pit
Selects Seek and Destroy
Selects UNKNOWN (2160077)
M4A3E8 Sherman Easy Eight
M4A3E8 Sherman Easy Eight
Engineer Squad
Advanced Logistics
Engineer Squad
M18 Hellcat Tank Destroyer
M18 Hellcat Tank Destroyer
Engineer Squad
M31 Recovery Vehicle
MasterStef
한우물인생
0
0
Comments
sign in to comment!
No comments posted yet!